 Dungeon Crawl Stone Soup version 0.21.1-1-g345015f (webtiles) character file.

84 tyranidshit the Skirmisher (level 4, 0/39 HPs)
             Began as a Demonspawn Abyssal Knight on July 31, 2018.
             Was a Follower of Lugonu.
             Slain by Sigmund
             ... wielding a +0 scythe
              (9 damage)
             ... on level 2 of the Dungeon.
             The game lasted 00:04:09 (1392 turns).

tyranidshit the Skirmisher (DsAK)                   Turns: 1392, Time: 00:04:10

Health: 0/39       AC:  3    Str: 13    XL:     4   Next: 24%
Magic:  5/5        EV: 11    Int: 13    God:    Lugonu [*.....]
Gold:   89         SH:  0    Dex: 13    Spells: 3/3 levels left

rFire    . . .     SeeInvis .   a - +2 hand axe
rCold    . . .     Gourm    .   (no shield)
rNeg     . . .     Faith    .   b - +0 leather armour
rPois    .         Spirit   .   (no helmet)
rElec    .         Reflect  .   (no cloak)
rCorr    .         Harm     .   (no gloves)
MR       .....                  (no boots)
Stlth    +.........             e - amulet of rage
HPRegen  0.13/turn              (no ring)
MPRegen  0.09/turn              (no ring)

@: no status effects
A: claws 1, hooves 2
a: Depart the Abyss, Renounce Religion, Evoke Berserk Rage


You were on level 2 of the Dungeon.
You worshipped Lugonu.
Lugonu was aware of your devotion.
You were not hungry.

You visited 1 branch of the dungeon, and saw 2 of its levels.
You visited the Abyss 1 time.

You collected 89 gold pieces.

Inventory:

Hand Weapons
 a - a +2 hand axe (weapon)
Armour
 b - a +0 leather armour (worn)
Jewellery
 e - an amulet of rage (around neck)
Scrolls
 g - 2 scrolls of enchant weapon
Potions
 d - a potion of haste
 f - 2 potions of ambrosia
Comestibles
 c - 4 rations


   Skills:
 + Level 5.1 Fighting
 - Level 1.7 Axes
 - Level 1.7 Armour
 - Level 0.8 Dodging
 - Level 2.4 Invocations


You had 3 spell levels left.
You didn't know any spells.

Dungeon Overview and Level Annotations

Branches:
Dungeon (2/15)

Altars:
Cheibriados
Gozag

Annotations:
D:2 Sigmund


Innate Abilities, Weirdness & Mutations

You have sharp fingernails.
You have hoof-like feet.


Message History

Sigmund is lightly wounded.
Sigmund points at you and mumbles some strange words.
You are confused.
You are too confused!
You are too confused!
You are too confused!
You are too confused!
You hit Sigmund. You kick Sigmund!
Sigmund is heavily wounded.
Sigmund barely misses you.
Unknown command.
Sigmund hits you from afar with a scythe.
You bump into the rock wall.
Sigmund hits you with a scythe!
* * * LOW HITPOINT WARNING * * *
You bump into the rock wall.
You feel less confused. Sigmund casts a spell at you.
You resist with some effort.
Sigmund hits you from afar with a scythe!
You die...

#....#.# #..##.##
#############.# ##.##...
#.............### ###.##..#
#.#.............# #[..##..<
#.#.#########<#.# #....#..#
#.#.# #..#.# #....#..# #.#.#
#..#.####....#..#
#.#.########..#.#..........#
#####.#......@.@..#.#...........
#...............%...#..........#
#....##..########.###.......#...
#........# #.# #.......#..#
###.####.#### #.###..........#
#.####....#####.##............
#.#...........#.##.##########.
#.#####...###.#....# #. #.#
#...# #.###..# #.


You could see Sigmund.

Vanquished Creatures
  Jessica (D:2)
  2 adders (D:2)
  An ooze (D:2)
  A worm (D:2)
  2 dart slugs (D:2)
  A leopard gecko (D:1)
  3 giant cockroaches
  A goblin (D:2)
  3 hobgoblins (D:1)
  7 bats
  2 frilled lizards (D:1)
  5 kobolds
  3 rats
32 creatures vanquished.

Notes
Turn   | Place    | Note
-------+----------+-------------------------------------------
     0 | Abyss:1  | tyranidshit the Demonspawn Abyssal Knight began the quest for the Orb.
     0 | Abyss:1  | Reached XP level 1. HP: 18/18 MP: 2/2
    45 | Abyss:1  | Noticed a spatial maelstrom
    53 | Abyss:1  | Noticed a spatial vortex
    54 | D:1      | Escaped the Abyss
   252 | D:1      | Reached * piety under Lugonu
   252 | D:1      | Gained mutation: You have large cloven feet. [demonic ancestry]
   252 | D:1      | Reached XP level 2. HP: 17/24 MP: 3/3
   677 | D:2      | Reached skill level 4 in Fighting
   713 | D:2      | Gained mutation: You have sharp fingernails. [demonic ancestry]
   713 | D:2      | Reached XP level 3. HP: 25/30 MP: 4/4
   761 | D:2      | Found an opulent altar of Gozag.
   854 | D:2      | Noticed Jessica
   865 | D:2      | Killed Jessica
   954 | D:2      | Gained mutation: You have hoof-like feet. [demonic ancestry]
   954 | D:2      | Reached XP level 4. HP: 22/38 MP: 5/5
   961 | D:2      | Reached skill level 5 in Fighting
   997 | D:2      | Found a snail-covered altar of Cheibriados.
  1027 | D:2      | Noticed Sigmund
  1392 | D:2      | Slain by Sigmund

Skill      XL: |  1  2  3  4 |
---------------+-------------+-----
Fighting       | 4 5 |  5.1
Axes           | |  1.7
Armour         | |  1.7
Dodging        | |  0.8
Invocations    | |  2.4

Action                   |  1- 3 |  4- 6 || total
-------------------------+-------+-------++-------
Melee: Hand axe          |    83 |    24 ||   107
       Kick              |    10 |     5 ||    15
Invok: Depart the Abyss  |     1 |       ||     1
  Use: Potion            |     2 |     1 ||     3
       Scroll            |     1 |     1 ||     2
  Eat: Ration            |       |     1 ||     1
Armor: Leather armour    |    27 |     9 ||    36
Dodge: Dodged            |    53 |    27 ||    80
